 Dungeon Crawl Stone Soup version 0.28-a0-97-g102d677 (webtiles) character file.

Game seed: 10823444458882935162

144 HDogLeCool the Shield-Bearer (level 5, 0/33 HPs)
             Began as a Gargoyle Fighter on Aug 9, 2021.
             Killed from afar by Dowan (7 damage)
             ... with a puff of frost
             ... on level 4 of the Dungeon.
             The game lasted 00:06:38 (3394 turns).

HDogLeCool the Shield-Bearer (Gargoyle Fighter)     Turns: 3394, Time: 00:06:39

Health: 0/33       AC: 15    Str: 20    XL:     5   Next: 26%
Magic:  5/5        EV:  4    Int:  9    God:
Gold:   147        SH:  9    Dex:  9    Spells: 4/4 levels left

rFire   . . .      SeeInvis .   h - +0 whip (venom)
rCold   . . .      Faith    .   c - +0 kite shield
rNeg    + + .      Spirit   .   e - +0 plate armour
rPois   ∞          Reflect  .   (no helmet)
rElec   +          Harm     .   m - scarf {+Inv}
rCorr   .          Rampage  .   (no gloves)
Will    .....                   (no boots)
Stlth   ..........              (no amulet)
HPRegen 0.11/turn               l - ring of positive energy
MPRegen 0.09/turn               (no ring)

@: mighty
A: sickness immunity, AC +4, negative energy resistance 1, electricity
resistance, torment resistance 1, petrification resistance
a: Evoke Invisibility


You were on level 4 of the Dungeon.
You visited 1 branch of the dungeon, and saw 4 of its levels.

You collected 147 gold pieces.

Inventory:

Hand Weapons
 a - a +0 flail
 h - a +0 whip of venom (weapon)
Armour
 b - a +0 scale mail
 c - a +0 kite shield (worn)
 e - a +0 plate armour (worn)
 m - a scarf of invisibility (worn)
 u - a +0 chain mail
Jewellery
 l - a ring of positive energy (left hand)
Scrolls
 f - a scroll of enchant armour {unknown}
 i - a scroll of fog {unknown}
 j - a scroll of noise {unknown}
 n - a scroll of identify {unknown}
 p - a scroll of blinking {unknown}
 r - a scroll of teleportation {unknown}
 s - a scroll of vulnerability {unknown}
 t - a scroll of amnesia {unknown}
Potions
 g - 3 potions of degeneration {unknown}
 k - a potion of resistance {unknown}
 o - 2 potions of haste {unknown}
 q - a potion of magic {unknown}
 v - 2 potions of flight {unknown}


   Skills:
 + Level 4.0 Fighting
 * Level 3.3 Maces & Flails
 + Level 4.0 Armour
 * Level 4.4 Shields


You had 4 spell levels left.
You didn't know any spells.
Your spell library contained the following spells:

 Spells                   Type           Power      Damage    Failure   Level
 Borgnjor's Revivificati  Necr           0%         N/A       100%        8
 Necromutation            Tmut/Necr      0%         N/A       100%        8
 Death's Door             Necr           0%         N/A       100%        9


Dungeon Overview and Level Annotations

Branches:
Dungeon (4/15)
 Temple: D:4-7

Altars:
Zin

Shops:
D:1 [

Annotations:
D:4 Dowan, Duvessa


Innate Abilities, Weirdness & Mutations

You are immune to sickness and miasma.
Your stone body is resilient. (AC +4)
You are immune to poison.
You resist negative energy. (rN+)
You are resistant to electric shocks. (rElec)
You are resistant to unholy torment.
You are immune to petrification.


Message History

Found a stone staircase leading down.
Duvessa, Sister of Dowan comes into view.
She is wielding a +2 short sword of electrocution.
Duvessa shouts!
You barely miss Duvessa. You block Duvessa's attack.
You barely miss Duvessa.
Duvessa hits you with a +2 short sword of electrocution.
You hit Duvessa.
Duvessa is lightly wounded.
Duvessa hits you but does no damage.
Duvessa hits you with a +2 short sword of electrocution.
You barely miss Duvessa.
Duvessa is lightly wounded.
Dowan, Brother of Duvessa comes into view.
He is wielding a +0 dagger.
Duvessa hits you with a +2 short sword of electrocution.
Dowan shouts!
You hit Duvessa but do no damage.
Duvessa is poisoned.
Duvessa is lightly wounded.
Dowan points at Duvessa and mumbles some strange words.
Duvessa seems to speed up.
Duvessa hits you with a +2 short sword of electrocution.
You hit Duvessa but do no damage.
Duvessa looks as sick as possible!
Duvessa is lightly wounded.
Duvessa hits you but does no damage. You block Duvessa's attack.
You closely miss Duvessa.
Duvessa is lightly wounded.
Duvessa hits you with a +2 short sword of electrocution!
You hit Duvessa.
Duvessa looks as sick as possible!
Duvessa is moderately wounded.
Duvessa hits you with a +2 short sword of electrocution.
* * * LOW HITPOINT WARNING * * *
You block Duvessa's attack. You block Duvessa's attack.
You block Duvessa's attack.
Dowan gestures wildly while chanting.
Dowan blinks!
You feel very mighty all of a sudden. Duvessa hits you but does no damage.
Dowan casts a spell at you. The puff of frost hits you!
You die...

#########
########.......########
###..........###§#......#
.............# #.#.####.#
.............# #e#.# #.#
.............# #@#<# #.#
.......†.....#
#e######.#######
..........e..#
#....†.........#
.............#
########.####.##
.............# #......#
.............# ########
.............#
...##...#+#### #.#
###........


You could see Duvessa (fast, extremely poisoned) and Dowan.

Vanquished Creatures
  Jessica (D:3)
  3 adders
  A worm (D:3)
  A dart slug (D:2)
  12 orcs
  8 ball pythons
  4 endoplasms
  2 giant cockroaches
  10 hobgoblins
  8 jackals
  3 kobolds
  2 quokkas
  4 bats
  2 frilled lizards
  6 goblins
  A rat (D:2)
68 creatures vanquished.

Notes
Turn   | Place    | Note
-------+----------+-------------------------------------------
     0 | D:1      | HDogLeCool the Gargoyle Fighter began the quest for the
                  | Orb.
     0 | D:1      | Reached XP level 1. HP: 14/14 MP: 1/1
   430 | D:1      | Reached XP level 2. HP: 19/19 MP: 2/2
   817 | D:1      | Found Dur Ton's Armour Shop.
  1234 | D:2      | Reached XP level 3. HP: 23/23 MP: 3/3
  1347 | D:2      | You fall into a shaft and drop 2 floors!
  1652 | D:3      | Found a glowing silver altar of Zin.
  1822 | D:3      | Reached XP level 4. HP: 29/29 MP: 4/4
  2153 | D:3      | Found a faded altar of an unknown god.
  2175 | D:3      | Noticed Jessica
  2188 | D:3      | Killed Jessica
  2481 | D:2      | Reached XP level 5. HP: 33/33 MP: 5/5
  3363 | D:4      | Noticed Duvessa
  3385 | D:4      | Noticed Dowan
  3394 | D:4      | Killed from afar by Dowan

Illustrated notes

Levels and vault maps discovered:
D:1:      dpeg_arrival_morbid_curiosity, layout_rooms, serial_shops,
          nicolae_lakefront_shop, grunt_decor_arrowhead, hangedman_decor_growths
D:2:      layout_basic, grunt_ministairs_7
D:3:      layout_basic, mainiacjoe_overflow_catwalk,
          dreamdust_ecumenical_altar_angels_and_demons, minmay_cut_off,
          uniq_jessica
D:4:      layout_basic, lemuel_mausoleum_altar_kikubaaqudgha,
          kennysheep_little_box, uniq_duvessa

Skill      XL: |  1  2  3  4  5 |
---------------+----------------+-----
Shields        | 4 |  4.4
Maces & Flails | 3 |  3.3
Fighting       | 4 |  4.0
Armour         | 4 |  4.0

Action                   |  1- 3 |  4- 6 || total
-------------------------+-------+-------++-------
Melee: Flail             |    66 |       ||    66
       Whip              |    56 |   106 ||   162
  Use: Potion            |       |     1 ||     1
Armor: Scale mail        |    51 |    37 ||    88
       Plate armour      |       |     8 ||     8
Dodge: Dodged            |    31 |    19 ||    50
Block: Kite shield       |    52 |    53 ||   105

Table legend: (Time is in decaauts)
 A = Elapsed time spent in this place.
 B = Non-inter-level travel time spent in this place.
 C = Inter-level travel time spent in this place.
 D = Time resting spent in this place.
 E = Time spent auto-exploring this place.
 F = Levels seen in this place.
 G = Mean time per level.
                   A        B        C        D        E       F      G
               +--------+--------+--------+--------+--------+-----+--------+
         Total |   3455 |   3295 |    160 |    287 |   2302 |   4 |  863.8 |
       Dungeon |   3455 |   3295 |    160 |    287 |   2302 |   4 |  863.8 |
               +--------+--------+--------+--------+--------+-----+--------+

Top non-repeatable levels by time:
     D:2: 1163 daAuts
     D:3: 1003 daAuts
     D:1: 1000 daAuts
     D:4: 287 daAuts
